 Dungeon Crawl Stone Soup version 0.27-a0-1191-g601b473118 (webtiles) character file.

Game seed: 2848857124891726045

15665 Armakuni the Cruncher (level 12, -5/92 HPs)
             Began as a Human Artificer on May 23, 2021.
             Was a Priest of Elyvilon.
             Slain by a fire elemental (9 damage)
             ... summoned by a deep elf pyromancer
             ... on level 12 of the Dungeon on May 24, 2021.
             The game lasted 00:50:07 (15577 turns).

Armakuni the Cruncher (Human Artificer)            Turns: 15577, Time: 00:50:08

Health: -5/92      AC: 13    Str: 14    XL:     12   Next: 60%
Magic:  16/19      EV: 13    Int: 16    God:    Elyvilon [***...]
Gold:   760        SH:  0    Dex: 13    Spells: 4/11 levels left

rFire    . . .     SeeInvis .   a - +0 quarterstaff
rCold    . . .     Faith    +   (shield currently unavailable)
rNeg     . . .     Spirit   .   z - +0 troll leather armour
rPois    .         Reflect  .   v - +0 helmet
rElec    .         Harm     .   k - +1 cloak {Will+}
rCorr    .         Rampage  .   (no gloves)
Will     ++...                  m - +0 pair of boots
Stlth    +.........             U - amulet of faith
HPRegen  1.25/turn              P - +4 ring of protection
MPRegen  0.16/turn              W - ring of willpower

@: no status effects
A: no striking features
a: Renounce Religion, Lesser Healing, Heal Other, Purification, Divine
Protection


You were on level 12 of the Dungeon.
You worshipped Elyvilon.
Elyvilon was most pleased with you.
You visited 2 branches of the dungeon, and saw 13 of its levels.

You collected 760 gold pieces.

Inventory:

Hand Weapons
 a - a +0 quarterstaff (weapon)
 b - the +9 hunting sling "Guesatso" {venom, rN+++ Str+2 Dex-4 Stlth+}
   (You found it on level 8 of the Dungeon)

   It poisons the ammo it fires.
   It affects your strength (+2).
   It affects your dexterity (-4).
   It renders you almost immune to negative energy.
   It makes you more stealthy.
 d - a +3 scimitar of flaming
 q - a +2 whip of venom
Missiles
 f - 19 sling bullets
 g - a throwing net
 n - 4 curare-tipped darts (quivered)
 p - 4 javelins
Armour
 c - a +0 plate armour
 k - a +1 cloak of willpower (worn)
 m - a +0 pair of boots (worn)
 v - a +0 helmet (worn)
 z - a +0 troll leather armour (worn)
Magical Staves
 i - a staff of poison
Jewellery
 F - a ring of protection from fire
 H - an amulet of reflection
 M - a ring of willpower
 P - a +4 ring of protection (left hand)
 U - an amulet of faith (around neck)
 W - a ring of willpower (right hand)
Wands
 h - a wand of acid (3)
 C - a wand of flame (37)
Scrolls
 e - 4 scrolls of enchant weapon
 j - a scroll of noise
 u - a scroll of summoning
 w - 6 scrolls of teleportation
 E - 2 scrolls of amnesia
Potions
 l - 4 potions of curing
 o - a potion of magic
 r - 4 potions of mutation
 s - a potion of ambrosia {unknown}
 t - 4 potions of cancellation
 B - a potion of berserk rage {unknown}
 D - a potion of invisibility
Miscellaneous
 x - a piece from Xom's chessboard (inert)


   Skills:
 - Level 8.0 Fighting
 - Level 3.0(8.2) Maces & Flails
 - Level 11.8(12.0) Staves
 - Level 5.0 Armour
 - Level 5.0 Dodging
 - Level 1.0 Stealth
 - Level 10.0 Invocations
 + Level 7.3 Evocations


You had 4 spell levels left.
You knew the following spells:

 Your Spells              Type           Power      Damage    Failure   Level
c - Call Canine Familiar  Summ           0%         N/A       67%         3
l - Summon Lightning Spi  Summ/Air       0%         N/A       97%         4

Your spell library contained the following spells:

 Spells                   Type           Power      Damage    Failure   Level
 Magic Dart               Conj           0%         1d3       30%         1
 Shock                    Conj/Air       0%         1d3       30%         1
 Summon Small Mammal      Summ           0%         N/A       30%         1
 Call Imp                 Summ           0%         N/A       43%         2
 Static Discharge         Conj/Air       0%         N/A       43%         2
 Summon Guardian Golem    Hex/Summ       0%         N/A       67%         3
 Swiftness                Air            0%         N/A       67%         3
 Teleport Other           Tloc           0%         N/A       67%         3
 Airstrike                Air            0%         N/A       97%         4
 Fulminant Prism          Conj/Hex       0%         3d6       97%         4
 Summon Ice Beast         Ice/Summ       0%         N/A       97%         4
 Lightning Bolt           Conj/Air       0%         1d11      100%        5
 Freezing Cloud           Conj/Ice/Air   0%         6-21      100%        6


Dungeon Overview and Level Annotations

Branches:
Dungeon (12/15)            Temple (1/1) D:7            Lair (0/6) D:11
    Orc: D:9-12

Altars:
Ashenzari
Cheibriados
Dithmenos
Elyvilon
Fedhas
Gozag
Hepliaklqana
Kikubaaqudgha
Makhleb
Nemelex Xobeh
Okawaru
Qazlal
Ru
Sif Muna
Trog
Uskayaw
Vehumet
Wu Jian
Xom
Yredelemnul
Zin
The Shining One

Shops:
D:2 [[((


Message History

The fire elemental hits you. The fire elemental burns you!
The fire elemental hits you. The fire elemental burns you!
* * * LOW HITPOINT WARNING * * *
You closely miss the deep elf pyromancer.
The deep elf pyromancer is severely wounded.
The fire elemental barely misses you.
The deep elf pyromancer completely misses you.
You barely miss the deep elf pyromancer.
The deep elf pyromancer is severely wounded.
The fire elemental barely misses you. x2
The deep elf pyromancer casts a spell.
The deep elf pyromancer blinks!
The deep elf pyromancer casts a spell.
The deep elf pyromancer blinks!
The fire elemental hits you. The fire elemental burns you!
* * * LOW HITPOINT WARNING * * *
You are healed.
The fire elemental closely misses you. The fire elemental hits you.
The fire elemental burns you!
* * * LOW HITPOINT WARNING * * *
The fire elemental misses you.
You are healed.
The fire elemental hits you. The fire elemental burns you!
* * * LOW HITPOINT WARNING * * *
The fire elemental closely misses you. The fire elemental barely misses you.
The deep elf pyromancer casts a spell.
The deep elf pyromancer blinks!
The fire elemental hits you. The fire elemental burns you!
* * * LOW HITPOINT WARNING * * *
You are healed.
The fire elemental misses you. The fire elemental hits you.
The fire elemental burns you!
* * * LOW HITPOINT WARNING * * *
The fire elemental hits you. The fire elemental burns you!
* * * LOW HITPOINT WARNING * * *
Okay, then.
As you read the scroll of fear, it crumbles to dust.
You assume a fearsome visage.
The deep elf pyromancer looks frightened!
The fire elemental is unaffected. x2; The fire elemental hits you.
The fire elemental burns you!
You die...

#..# .# #..# #.# #####..#
#... #...#..####....
#######...#..........
##...............##..##
#.....○....#.#.........
#.....EEe..#.#.#.##....
#.....@..#.#.#.#.......
#..........#......#....
.....≈...[.#.#...........
##############......#.<..
#........... ##.....###.#
##....# .# ##...# .#
##### .#


You could see a deep elf pyromancer (fleeing, poisoned) and 2 fire elementals.

Vanquished Creatures
  Harold (D:8)
  A hydra (D:11)
  4 two-headed ogres
  Erica (D:8)
  Pikel (D:8)
  Maurice (D:8)
  2 komodo dragons (D:11)
  2 trolls
  A hornet (D:10)
  The ghost of Terminal the Changer, an amateur OpTm (D:3)
  2 wyverns (D:11)
  2 shadows
  A vampire (D:11)
  9 yaks (D:9)
  Grum (D:11)
  4 vampire mosquitoes (D:11)
  Menkaure (D:5)
  A basilisk (D:11)
  3 steam dragons
  2 acid dragons (D:11)
  A water moccasin (D:6)
  An ice beast (D:7)
  A sky beast (D:5)
  A black bear (D:3)
  A meliai simulacrum (D:11)
  3 orc warriors
  2 ogres
  2 necrophages
  5 centaurs
  2 wolves (D:11)
  2 lemures (D:8)
  5 kobold brigands
  4 bullfrogs
  A scorpion (D:6)
  A water moccasin zombie (D:6)
  A wyvern skeleton (D:6)
  27 killer bees
  8 wights
  3 howler monkeys
  3 centaur zombies
  4 hounds
  2 jellies (D:6)
  A gnoll shaman (D:6)
  2 orc priests
  4 bullfrog skeletons
  2 iguanas
  15 orc wizards
  2 hound skeletons
  9 gnolls
  6 adders
  4 white imps
  2 worms
  4 dart slugs
  26 orcs
  7 ball pythons
  10 endoplasms
  2 giant cockroaches (D:4)
  8 goblins
  10 hobgoblins
  11 jackals (D:1)
  2 quokkas
  5 bats
  6 frilled lizards
  32 kobolds
  8 rats
299 creatures vanquished.

Vanquished Creatures (collateral kills)
  A necrophage (D:6)
  3 kobolds
4 creatures vanquished.

Vanquished Creatures (others)
  3 kobold brigands
  2 gnolls (D:5)
  A kobold (D:4)
  7 plants (D:8)
13 creatures vanquished.

Grand Total: 316 creatures vanquished

Notes
Turn   | Place    | Note
-------+----------+-------------------------------------------
     0 | D:1      | Armakuni the Human Artificer began the quest for the Orb.
     0 | D:1      | Reached XP level 1. HP: 15/15 MP: 1/1
   261 | D:1      | Found a faded altar of an unknown god.
   455 | D:1      | Reached skill level 1 in Maces & Flails
   455 | D:1      | Reached XP level 2. HP: 21/21 MP: 2/2
   631 | D:1      | Reached XP level 3. HP: 27/27 MP: 3/3
  1641 | D:2      | Reached XP level 4. HP: 34/34 MP: 4/4
  1666 | D:2      | Found Pesops's Armour Boutique.
  2053 | D:2      | Found Yczikaih's Antique Armour Boutique.
  2173 | D:2      | Found Vacycut's Antique Weapon Shop.
  2566 | D:2      | Found Uczugg's Antique Weapon Shoppe.
  2794 | D:3      | Reached XP level 5. HP: 41/41 MP: 5/5
  2893 | D:3      | Reached skill level 1 in Staves
  3079 | D:3      | Noticed a black bear
  3103 | D:3      | Killed a black bear
  3104 | D:3      | Reached skill level 2 in Staves
  3104 | D:3      | Reached XP level 6. HP: 42/48 MP: 6/6
  3108 | D:3      | Learned a level 3 spell: Call Canine Familiar
  3198 | D:3      | Found an ornate altar of the Wu Jian Council.
  3501 | D:4      | Found a radiant altar of Vehumet.
  3503 | D:4      | Found a snail-covered altar of Cheibriados.
  3604 | D:4      | Found a runed translucent gate.
  3604 | D:4      | Found a runed translucent gate.
  3604 | D:4      | Noticed Terminal's ghost (amateur OpTm)
  3605 | D:4      | Found a runed translucent gate.
  3687 | D:3      | Killed Terminal's ghost
  3688 | D:3      | Reached skill level 5 in Fighting
  3688 | D:3      | Reached skill level 3 in Staves
  3688 | D:3      | Reached XP level 7. HP: 24/56 MP: 7/7
  4633 | D:4      | Reached skill level 4 in Staves
  4735 | D:5      | Entered Level 5 of the Dungeon
  4964 | D:5      | Reached XP level 8. HP: 64/64 MP: 8/8
  5290 | D:5      | Noticed Menkaure
  5300 | D:5      | Killed Menkaure
  5301 | D:5      | Reached skill level 5 in Staves
  5989 | D:6      | Reached skill level 6 in Staves
  6184 | D:6      | Reached XP level 9. HP: 49/72 MP: 9/9
  6253 | D:6      | Noticed a boulder beetle
  6800 | D:6      | Reached skill level 7 in Staves
  7553 | D:7      | Found a staircase to the Ecumenical Temple.
  7562 | Temple   | Entered the Ecumenical Temple
  7626 | Temple   | Became a worshipper of Elyvilon the Healer
  7742 | D:7      | Reached skill level 8 in Staves
  8494 | D:6      | Identified the +1 robe of Atsuolao {Slay+3}
  8505 | D:6      | Reached skill level 9 in Staves
  8688 | D:6      | Reached skill level 1 in Invocations
  9274 | D:6      | Reached XP level 10. HP: 80/80 MP: 11/11
  9941 | D:7      | Learned a level 4 spell: Summon Lightning Spire
 10123 | D:8      | Reached * piety under Elyvilon
 10317 | D:8      | Identified the +9 hunting sling "Guesatso" {venom, rN+++
                  | Str+2 Dex-4 Stlth+}
 10419 | D:8      | Reached skill level 10 in Staves
 10558 | D:8      | Noticed Erica
 10574 | D:8      | Noticed Pikel
 10583 | D:8      | Killed Erica
 10584 | D:8      | Reached skill level 5 in Invocations
 10632 | D:8      | Killed Pikel
 10707 | D:8      | Noticed Harold
 10739 | D:8      | Killed Harold
 10740 | D:8      | Reached skill level 11 in Staves
 10783 | D:8      | Noticed Maurice
 10801 | D:8      | Killed Maurice
 10802 | D:8      | Reached XP level 11. HP: 86/86 MP: 16/16
 11878 | D:9      | Identified Sif Muna's Reference Book on Hurtful Orientation
 12920 | D:10     | Entered Level 10 of the Dungeon
 12925 | D:10     | Noticed a two-headed ogre
 12940 | D:9      | Killed a two-headed ogre
 13143 | D:10     | Reached ** piety under Elyvilon
 13244 | D:9      | Reached skill level 10 in Invocations
 13515 | D:10     | Noticed a two-headed ogre
 13549 | D:10     | Killed a two-headed ogre
 13550 | D:10     | Reached skill level 5 in Armour
 13660 | D:10     | Reached XP level 12. HP: 80/92 MP: 19/19
 13985 | D:10     | Found a hazy altar of Hepliaklqana.
 13985 | D:10     | Found a hide-covered altar of Uskayaw.
 13986 | D:10     | Found a shimmering blue altar of Sif Muna.
 14144 | D:11     | Noticed a two-headed ogre
 14155 | D:11     | Killed a two-headed ogre
 14296 | D:11     | Noticed a two-headed ogre
 14347 | D:11     | Noticed Grum
 14361 | D:11     | Killed Grum
 14373 | D:11     | Reached skill level 5 in Dodging
 14554 | D:11     | Reached *** piety under Elyvilon
 14918 | D:11     | Reached skill level 5 in Evocations
 15083 | D:11     | Found a staircase to the Lair.
 15279 | D:11     | Noticed an eight-headed hydra
 15290 | D:11     | Killed an eight-headed hydra
 15392 | D:11     | Killed a two-headed ogre
 15576 | D:12     | HP: 3/92 [fire elemental[a deep elf pyromancer] (11)]
 15577 | D:12     | Slain by a fire elemental

Illustrated notes

Levels and vault maps discovered:
D:1:      tarquinn_simple_flora_water_d, layout_basic,
          hellmonk_ecumenical_altar_crossroads, serial_corexii_hall,
          chequers_hall_statues_corner_a, corexii_hall_statues_deadend,
          chequers_serial_rivers_room_a, item_on_display_a
D:2:      layout_basic, serial_shops, nicolae_shop_statue_plus,
          nicolae_shop_behind_doors, nicolae_shop_stone,
          nicolae_shop_statue_plus
D:3:      layout_rooms, lemuel_tele_altar, nicolae_underground_beach
D:4:      layout_cave_pods, grunt_temple_overflow_open,
          gammafunk_ghost_nasty_kobolds
D:5:      layout_basic, uniq_menkaure
D:6:      hangedman_cross_stitches, layout_loops_ring, minmay_misc_feat_alley,
          dk_noncrumbling_3, minmay_hedge_maze
D:7:      layout_cave_pods, minmay_temple_entry_antechambers,
          chequers_arboretum, amcnicky_mini_pool_small
D:8:      layout_basic, minmay_misc_feat_plants, serial_bayou_crossing,
          uniq_maurice, uniq_harold, uniq_pikel, uniq_erica
D:9:      layout_stronghold
D:10:     layout_long_grid, minitemple
D:11:     layout_loops_ring, erik_lair_dragon, minivault_22, uniq_grum
D:12:     cheibrodos_barr_body, layout_basic, hiddenorc1_lemuel,
          trove_entry_hex_spiral, kennysheep_generic_room_8
Temple:   nicolae_temple_x_marks_the_god

Skill      XL: |  1  2  3  4  5  6  7  8  9 10 11 12 |
---------------+-------------------------------------+-----
Maces & Flails | 1 2 3 |  3.0
Fighting       | 2 3 4 5 7 8 |  8.0
Staves         | 2 3 4 6 9 11 | 11.8
Invocations    | 2 7 10 | 10.0
Armour         | 5 |  5.0
Dodging        | 2 5 |  5.0
Evocations     | 7 |  7.3
Stealth        | |  1.0

Action                   |  1- 3 |  4- 6 |  7- 9 | 10-12 || total
-------------------------+-------+-------+-------+-------++-------
Melee: Club              |    15 |       |       |       ||    15
       Whip              |    75 |    96 |   185 |   385 ||   741
       Short sword       |       |    83 |       |       ||    83
       Quarterstaff      |       |       |   176 |   334 ||   510
 Fire: Hunting sling     |       |       |       |    13 ||    13
Throw: Dart              |       |    35 |    19 |    26 ||    80
       Javelin           |       |       |     7 |       ||     7
       Throwing net      |       |       |       |     1 ||     1
Invok: Lesser Healing    |       |       |       |   103 ||   103
Evoke: Piece from Xom's  |    19 |     6 |     9 |     8 ||    42
       Wand              |    15 |     6 |    10 |    36 ||    67
  Use: Scroll            |       |     6 |     3 |     8 ||    17
       Potion            |       |     3 |     1 |     4 ||     8
 Stab: Paralysed         |     5 |       |    13 |     7 ||    25
       Petrified         |    13 |     9 |       |       ||    22
       Sleeping          |     1 |     2 |     1 |     1 ||     5
       Petrifying        |     1 |       |       |       ||     1
       Invisible         |       |       |       |     7 ||     7
Armor: Leather armour    |    25 |    58 |    88 |     4 ||   175
       Steam dragon scal |       |       |       |   237 ||   237
       Troll leather arm |       |       |       |   107 ||   107
Dodge: Dodged            |    38 |    65 |   122 |   488 ||   713
Block: Other             |       |     6 |    59 |    12 ||    77
       Reflection        |       |     1 |     2 |       ||     3

Table legend: (Time is in decaauts)
 A = Elapsed time spent in this place.
 B = Non-inter-level travel time spent in this place.
 C = Inter-level travel time spent in this place.
 D = Time resting spent in this place.
 E = Time spent auto-exploring this place.
 F = Levels seen in this place.
 G = Mean time per level.
                   A        B        C        D        E       F      G
               +--------+--------+--------+--------+--------+-----+--------+
         Total |  15383 |  14835 |    548 |   2834 |   7801 |  13 | 1183.3 |
       Dungeon |  15310 |  14769 |    541 |   2834 |   7751 |  12 | 1275.8 |
        Temple |     72 |     65 |      7 |      0 |     50 |   1 |   72.0 |
               +--------+--------+--------+--------+--------+-----+--------+

Top non-repeatable levels by time:
     D:6: 2065 daAuts
     D:7: 1789 daAuts
     D:9: 1603 daAuts
     D:1: 1588 daAuts
     D:8: 1389 daAuts
    D:11: 1290 daAuts
     D:5: 1247 daAuts
     D:2: 1198 daAuts
    D:10: 1142 daAuts
     D:4: 1120 daAuts
     D:3: 841 daAuts
  Temple: 72 daAuts
    D:12: 34 daAuts
